 Dungeon Crawl Stone Soup version 0.28.0 (webtiles) character file.

Game seed: 11304581235648799159

31832 browni3141 the Blocker (level 13, -1/123 HPs)
             Began as a Minotaur Berserker on Feb 16, 2022.
             Was a High Priest of Trog.
             Slain by an entropy weaver simulacrum (9 damage)
             ... in an ice cave.
             The game lasted 00:09:28 (17057 turns).

browni3141 the Blocker (Minotaur Berserker)        Turns: 17057, Time: 00:09:28

Health: -1/123     AC: 28    Str: 27    XL:     13   Next: 28%
Magic:  22/22      EV:  7    Int:  9    God:    Trog [*****.]
Gold:   999        SH: 16    Dex: 10    Spells: 12/12 levels left

rFire   x . .      SeeInvis +   z - +2 war axe "Porodana" {drain, SInv Stlth+}
rCold   + . .      Faith    .   I - +0 kite shield
rNeg    . . .      Spirit   .   p - +0 plate armour
rPois   .          Reflect  .   O - +3 hat of Pondering {ponderous, Will+ MP+10 Int+5}
rElec   .          Harm     .   H - +1 cloak
rCorr   .          Rampage  .   (no gloves)
Will    +++..                   s - +1 pair of boots
Stlth   ..........              (no amulet)
HPRegen 1.30/turn               N - ring of ice
MPRegen 0.18/turn               y - +4 ring of protection

@: strong-willed, on berserk cooldown, regenerating, slowed, very slow
A: horns 2, retaliatory headbutt, large bone plates 1, see invisible
a: Renounce Religion, Berserk, Trog's Hand, Brothers in Arms


You were in an ice cave.
You worshipped Trog.
Trog was extremely pleased with you.
You visited 3 branches of the dungeon, and saw 15 of its levels.
You also visited: Ice Cave.

You collected 999 gold pieces.

Inventory:

Hand Weapons
 a - a +0 hand axe
 z - the +2 war axe "Porodana" (weapon) {drain, SInv Stlth+}
   (You found it on level 6 of the Dungeon)

   A truly terrible weapon, it drains the life of any living foe it strikes.
   SInv:      It lets you see invisible.
   Stlth:     It makes you more stealthy.
Missiles
 g - 3 throwing nets (quivered)
Armour
 b - a +0 animal skin
 p - a +0 plate armour (worn)
 s - a +1 pair of boots (worn)
 F - a +2 buckler
 H - a +1 cloak (worn)
 I - a +0 kite shield (worn)
 O - the +3 hat of Pondering (worn) {ponderous, Will+ MP+10 Int+5}
   (You took it off Gastronok on level 3 of the Lair of Beasts)

   Int:       It affects your intelligence (+5).
   MP:        It affects your magic capacity (+10).
   Will:      It increases your willpower.
Jewellery
 l - a ring of flight
 q - a ring of fire
 y - a +4 ring of protection (right hand)
 N - a ring of ice (left hand)
Wands
 t - a wand of polymorph (16)
 D - a wand of flame (44)
 J - a wand of charming (5)
Scrolls
 e - 2 scrolls of vulnerability
 h - 6 scrolls of fear
 i - a scroll of magic mapping
 k - 5 scrolls of immolation {unknown}
 m - a scroll of summoning {unknown}
 n - 3 scrolls of noise
 v - 5 scrolls of teleportation {unknown}
 B - a scroll of enchant weapon
 E - a scroll of brand weapon
 K - a scroll of torment {unknown}
 L - a scroll of amnesia {unknown}
 M - 2 scrolls of holy word {unknown}
Potions
 c - a potion of magic {unknown}
 d - 3 potions of lignification {unknown}
 f - a potion of resistance {unknown}
 j - a potion of might {unknown}
 o - a potion of mutation
 r - 4 potions of flight {unknown}
 u - 4 potions of brilliance {unknown}
 w - 3 potions of curing
 x - a potion of berserk rage {unknown}
 A - 2 potions of haste {unknown}
 C - 4 potions of heal wounds {unknown}
 G - a potion of ambrosia {unknown}
 P - a potion of cancellation {unknown}


   Skills:
 + Level 13.7 Fighting
 + Level 13.7 Axes
 + Level 13.6 Armour
 - Level 2.1 Dodging
 * Level 14.6 Shields


You had 12 spell levels left.
You didn't know any spells.
Your spell library was empty.

Dungeon Overview and Level Annotations

Branches:
Dungeon (10/15)            Temple (1/1) D:5            Lair (4/6) D:8
 Shoals (0/4) Lair:4        Snake (0/4) Lair:2        IceCv (1/1)
    Orc: D:9-12

Altars:
Ashenzari
Dithmenos
Fedhas
Hepliaklqana
Kikubaaqudgha
Nemelex Xobeh
Okawaru
Qazlal
Ru
Sif Muna
Trog
Uskayaw
Zin
The Shining One
Lugonu

Annotations:
Lair:4 2 runed translucent doors, GrayStillPlays's ghost, journeyman TrFi


Innate Abilities, Weirdness & Mutations

You have a pair of horns on your head.
You reflexively headbutt those who attack you in melee.
You are partially covered in large bone plates. (SH +4)
You have supernaturally acute eyesight. (SInv)


Message History

The entropy weaver simulacrum hits you but does no damage.
You are too injured to fight recklessly!
You are too injured to fight recklessly!
The entropy weaver simulacrum hits you but does no damage. x4
Your skin crawls.
You feel strong-willed.
The entropy weaver simulacrum hits you but does no damage.
You block the entropy weaver simulacrum's attack. x2
The entropy weaver simulacrum hits you!
* * * LOW HITPOINT WARNING * * *
The entropy weaver simulacrum freezes you!
You resist.
* * * LOW HITPOINT WARNING * * *
Your ogre goes berserk!
The entropy weaver simulacrum hits you but does no damage.
You block the entropy weaver simulacrum's attack.
The entropy weaver simulacrum hits you but does no damage. x2
You block the entropy weaver simulacrum's attack.
The entropy weaver simulacrum closely misses you.
You block the entropy weaver simulacrum's attack. x2
Unknown command.
Your ogre rages.
You swap places.
Your ogre barely misses the entropy weaver simulacrum.
The entropy weaver simulacrum hits your ogre!
The entropy weaver simulacrum freezes your ogre!!
The entropy weaver simulacrum hits your ogre.
The entropy weaver simulacrum freezes your ogre!!
Your ogre dies!
Your ogre's corpse disappears in a puff of smoke!
The entropy weaver simulacrum hits you.
* * * LOW HITPOINT WARNING * * *
The entropy weaver simulacrum freezes you!
You resist.
* * * LOW HITPOINT WARNING * * *
The entropy weaver simulacrum barely misses you.
You block the entropy weaver simulacrum's attack.
The entropy weaver simulacrum hits you but does no damage.
The entropy weaver simulacrum hits you!
You die...

###.. ##..# #
###...####
####.......#.
#[...........
#)..........#
########8........#
##...## ##........#
##.@...###.....###..
#.Z###..#..########.
#.Z..##...## ###...
###...##.## ###....#
#.°..##### ##....###
..8...## ###...###
.......## ###...###
....... ##...### ###
....... #...## ##..


You could see a dire elephant simulacrum and an entropy weaver simulacrum.

Vanquished Creatures
  Rupert (Lair:3)
  Gastronok (Lair:3)
  Harold (D:9)
  A catoblepas (Lair:2)
  A centaur warrior (D:10)
  A lindwurm (Lair:4)
  A deep elf pyromancer (D:10)
  An ugly thing (IceCv)
  Maurice (D:9)
  5 elephants (Lair:3)
  A black mamba (Lair:4)
  A guardian serpent (Lair:2)
  An efreet (D:10)
  8 cane toads
  2 entropy weaver simulacra (IceCv)
  4 komodo dragons
  10 ice devils (IceCv)
  2 freezing wraiths (IceCv)
  A burning bush (Lair:1)
  A troll (D:8)
  8 blink frogs
  Sigmund (D:4)
  A wraith (D:10)
  5 wyverns
  2 basilisks
  41 yaks
  2 steam dragons
  2 death yak simulacra (IceCv)
  Menkaure (D:4)
  2 harpy simulacra (IceCv)
  12 water moccasins
  2 acid dragons
  Duvessa (D:7)
  An ice beast (D:8)
  4 orc warriors
  An ogre (D:5)
  4 centaurs
  9 wolves
  A phantom (D:5)
  A kobold brigand (D:4)
  A scorpion (D:6)
  2 gnoll sergeants
  8 bullfrogs
  A two-headed ogre simulacrum (IceCv)
  2 cane toad simulacra (IceCv)
  Dowan (D:7)
  9 killer bees
  3 elephant simulacra (IceCv)
  5 wights
  6 electric eels
  4 howler monkeys
  3 bullfrog zombies
  4 centaur zombies
  5 orc priests
  7 hounds
  A jelly (D:5)
  3 iguanas
  4 orc wizards
  6 polar bear simulacra (IceCv)
  6 hell rats (Lair:4)
  2 troll simulacra (IceCv)
  2 wolf simulacra (IceCv)
  2 howler monkey zombies
  9 gnolls
  A naga simulacrum (IceCv)
  6 adders
  A white imp (IceCv)
  2 ufetubi
  4 dart slugs
  15 orcs
  12 ball pythons
  7 bats
  4 endoplasms
  3 giant cockroaches
  9 hobgoblins
  2 jackals (D:1)
  4 frilled lizards
  8 goblins
  8 kobolds
  9 rats
337 creatures vanquished.

Vanquished Creatures (others)
  A white imp (IceCv)
  17 fungi
  8 plants
  5 toadstools (D:1)
31 creatures vanquished.

Grand Total: 368 creatures vanquished

Notes
Turn   | Place    | Note
-------+----------+-------------------------------------------
     0 | D:1      | browni3141 the Minotaur Berserker began the quest for the
                  | Orb.
     0 | D:1      | Reached XP level 1. HP: 19/19 MP: 0/0
   290 | D:1      | Reached XP level 2. HP: 21/27 MP: 1/1
   739 | D:1      | Reached ** piety under Trog
   747 | D:1      | Reached XP level 3. HP: 31/33 MP: 2/2
  1434 | D:2      | Found a faded altar of an unknown god.
  1774 | D:2      | Found a hazy altar of Hepliaklqana.
  1807 | D:2      | Reached XP level 4. HP: 38/41 MP: 3/3
  2436 | D:3      | Found a broken altar of Ashenzari.
  3112 | D:4      | Noticed a centaur
  3119 | D:4      | Killed a centaur
  3120 | D:4      | Reached skill level 5 in Fighting
  3120 | D:4      | Reached skill level 5 in Axes
  3120 | D:4      | Reached XP level 5. HP: 38/48 MP: 4/4
  3676 | D:4      | Found a sacrificial altar of Ru.
  3685 | D:4      | Reached XP level 6. HP: 53/56 MP: 5/5
  3808 | D:4      | Found a stormy altar of Qazlal.
  3812 | D:4      | Found a blossoming altar of Fedhas.
  3813 | D:4      | Noticed Menkaure
  3823 | D:4      | Killed Menkaure
  3824 | D:4      | Reached skill level 5 in Armour
  3842 | D:4      | Noticed Sigmund
  3854 | D:4      | Killed Sigmund
  3855 | D:4      | Reached XP level 7. HP: 35/64 MP: 6/6
  4647 | D:5      | Entered Level 5 of the Dungeon
  4647 | D:5      | Noticed a wyvern
  4653 | D:5      | Killed a wyvern
  4886 | D:5      | Reached XP level 8. HP: 67/73 MP: 7/7
  5365 | D:5      | Found a staircase to the Ecumenical Temple.
  5413 | D:5      | Found a glowing silver altar of Zin.
  5464 | Temple   | Entered the Ecumenical Temple
  5635 | D:6      | Identified the +2 war axe "Porodana" {drain, SInv Stlth+}
  6159 | D:6      | Reached *** piety under Trog
  6681 | D:6      | Found a glowing golden altar of the Shining One.
  6793 | D:7      | Noticed Duvessa
  6794 | D:7      | Found a bloodstained altar of Trog.
  6802 | D:7      | Killed Duvessa
  6805 | D:7      | Noticed Dowan
  6810 | D:7      | Killed Dowan
  6840 | D:7      | Found a shimmering blue altar of Sif Muna.
  6931 | D:7      | Reached XP level 9. HP: 65/83 MP: 8/8
  7607 | D:7      | Found an ancient bone altar of Kikubaaqudgha.
  7607 | D:7      | Found a hazy altar of Hepliaklqana.
  7609 | D:7      | Found a hide-covered altar of Uskayaw.
  7609 | D:7      | Found an iron altar of Okawaru.
  7617 | D:7      | Found a shadowy altar of Dithmenos.
  7766 | D:8      | Reached skill level 1 in Shields
  7880 | D:8      | Noticed a troll
  7881 | D:8      | Found a staircase to the Lair.
  7889 | D:8      | Reached skill level 2 in Shields
  7893 | D:8      | Killed a troll
  7894 | D:8      | Reached skill level 3 in Shields
  8105 | D:8      | Reached skill level 4 in Shields
  8791 | D:8      | Reached skill level 5 in Shields
  9186 | D:9      | Noticed Harold
  9195 | D:9      | Killed Harold
  9196 | D:9      | Reached skill level 10 in Fighting
  9196 | D:9      | Reached skill level 10 in Axes
  9196 | D:9      | Reached skill level 6 in Shields
  9196 | D:9      | Reached XP level 10. HP: 93/93 MP: 9/9
  9478 | D:9      | Reached **** piety under Trog
  9479 | D:9      | Reached skill level 10 in Armour
  9500 | D:9      | Reached skill level 7 in Shields
  9881 | D:9      | Noticed Maurice
  9899 | D:9      | Killed Maurice
  9900 | D:9      | Reached skill level 8 in Shields
 10058 | D:10     | Entered Level 10 of the Dungeon
 10086 | D:10     | Found a sparkling altar of Nemelex Xobeh.
 10986 | D:10     | Reached skill level 9 in Shields
 11139 | D:10     | Noticed a centaur warrior
 11154 | D:10     | Killed a centaur warrior
 11155 | D:10     | Reached XP level 11. HP: 86/102 MP: 10/10
 11227 | D:10     | Noticed a deep elf pyromancer
 11243 | D:10     | Killed a deep elf pyromancer
 11484 | Lair:1   | Entered Level 1 of the Lair of Beasts
 11648 | Lair:1   | Gained mutation: You have an increased reservoir of magic.
                  | (+10% MP) [potion of mutation]
 11648 | Lair:1   | Gained mutation: Your spells are a little easier to cast,
                  | but a little less powerful. [potion of mutation]
 11649 | Lair:1   | Lost mutation: You have an increased reservoir of magic.
                  | (+10% MP) [potion of mutation]
 11649 | Lair:1   | Lost mutation: Your spells are a little easier to cast, but
                  | a little less powerful. [potion of mutation]
 11649 | Lair:1   | Gained mutation: You have supernaturally acute eyesight.
                  | (SInv) [potion of mutation]
 11649 | Lair:1   | Gained mutation: You are partially covered in large bone
                  | plates. (SH +4) [potion of mutation]
 11777 | Lair:1   | Reached skill level 10 in Shields
 12374 | Lair:1   | Found the +3 warlock's mirror {reflect}
 12878 | Lair:2   | Noticed a catoblepas
 12897 | Lair:2   | Killed a catoblepas
 13232 | Lair:2   | Found a staircase to the Snake Pit.
 13241 | Lair:2   | Reached skill level 11 in Shields
 14365 | Lair:3   | Noticed Rupert
 14381 | Lair:3   | Killed Rupert
 14382 | Lair:3   | Reached XP level 12. HP: 92/113 MP: 11/11
 14450 | Lair:3   | Reached skill level 12 in Shields
 15132 | Lair:3   | Reached skill level 13 in Shields
 15140 | Lair:3   | Reached ***** piety under Trog
 15538 | Lair:3   | Noticed Gastronok
 15550 | Lair:3   | Killed Gastronok
 16029 | Lair:4   | Found a staircase to the Shoals.
 16309 | Lair:4   | Found a large runed translucent door.
 16310 | Lair:4   | Found a large runed translucent door.
 16316 | Lair:4   | Noticed GrayStillPlays's ghost (journeyman TrFi)
 16355 | Lair:4   | Reached skill level 14 in Shields
 16488 | Lair:4   | Found a frozen archway.
 16505 | Lair:4   | Reached XP level 13. HP: 122/122 MP: 12/12
 16518 | IceCv    | Entered an ice cave
 16587 | IceCv    | Received a gift from Trog
 17020 | IceCv    | Found an ancient bone altar of Kikubaaqudgha.
 17057 | IceCv    | Slain by an entropy weaver simulacrum

Illustrated notes

Levels and vault maps discovered:
D:1:      ldierk_walled_garden, layout_basic, minmay_pentomino_z4
D:2:      layout_loops_corners, basic_altar, shapermc_ecumenical_altar_venn,
          grunt_ministairs_5, st_stairs_6
D:3:      layout_loops_cross, evilmike_ruin_ashenzari
D:4:      layout_loops_ring, grunt_temple_overflow_forces_of_nature,
          nicolae_ru_great_annihilating_truth, serial_aquarium,
          aquarium_bridge_island_small [aquarium_subvault_small_water,
          aquarium_subvault_bridge, aquarium_subvault_bridge,
          aquarium_subvault_wall, aquarium_subvault_window],
          aquarium_bridge_long_separate [aquarium_subvault_bridge,
          aquarium_subvault_wall, aquarium_subvault_bridge,
          aquarium_subvault_window, aquarium_subvault_bridge,
          aquarium_subvault_bridge], aquarium_window_corner, aquarium_window_1,
          aquarium_window_1, aquarium_window_fake, aquarium_view_2a,
          minmay_misc_feat_room, minmay_fountain_box, dk_noncrumbling_3,
          minmay_small_thing, uniq_menkaure, uniq_sigmund
D:5:      layout_loops_ring, kennysheep_little_box, lemuel_temple_firewalk_a
D:6:      layout_basic, nicolae_tso_swordbearing_angel
D:7:      layout_basic, nzn_overflow_gifts_of_might_and_magic,
          grunt_temple_overflow_open, kennysheep_cross_room
D:8:      layout_loops_ring, erik_lair_island, minmay_misc_feat_plants,
          kennysheep_boxes
D:9:      layout_basic, uniq_maurice, uniq_harold
D:10:     hellmonk_ruined_rings, layout_rooms, nemelex_altar_shiori,
          wad_mini_maze
Temple:   corrupted_temple
Lair:1:   layout_gridlike, chequers_serial_rivers_micro_c, evilmike_ambush
          [evilmike_ambush_outer_basic, evilmike_ambush_inner_basic],
          infiniplex_staircase_pool
Lair:2:   layout_cave_shapes, minmay_snake_entry_spellcaster,
          beast_lair_carwin_10, infiniplex_staircase_pool_2, lemuel_fruit_fields
Lair:3:   layout_gridlike, guppyfry_lair_drakes, grunt_megastairs_5,
          uniq_gastronok, uniq_rupert
Lair:4:   layout_layer_cave, elwin_shoals_entry_rocks,
          portal_ice_cave_entry_pillars_2, ebering_ghost_disaster_area
IceCv:    ice_cave_small_necro

Skill      XL: |  1  2  3  4  5  6  7  8  9 10 11 12 |
---------------+-------------------------------------+-----
Axes           | 4 5 6 7 8 10 11 12 13 | 13.7
Fighting       | 4 5 6 7 9 10 11 12 13 | 13.7
Armour         | 3 4 5 7 8 9 10 12 13 | 13.6
Shields        | 6 9 11 14 | 14.6
Dodging        | |  2.1

Action                   |  1- 3 |  4- 6 |  7- 9 | 10-12 | 13-15 || total
-------------------------+-------+-------+-------+-------+-------++-------
Melee: Hand axe          |    91 |    78 |    59 |       |       ||   228
       Headbutt          |    14 |    15 |    42 |   106 |    33 ||   210
       Punch             |       |     1 |     3 |       |       ||     4
       War axe           |       |       |   152 |   488 |    99 ||   739
Invok: Berserk           |       |     2 |     5 |     6 |     2 ||    15
       Trog's Hand       |       |     1 |     1 |     1 |     1 ||     4
       Brothers in Arms  |       |       |       |       |     1 ||     1
  Use: Potion            |       |       |     1 |     2 |       ||     3
       Scroll            |       |       |       |     9 |       ||     9
Armor: Animal skin       |    40 |     7 |       |       |       ||    47
       Plate armour      |       |    33 |   150 |   289 |    98 ||   570
Dodge: Dodged            |    60 |    48 |    70 |   110 |    31 ||   319
Block: Buckler           |       |       |    15 |       |       ||    15
       Kite shield       |       |       |     1 |   358 |   107 ||   466
